 Dungeon Crawl Stone Soup version 0.29.1-1-gd02db6906a (webtiles) character file.

Game seed: 17225788709884001047

11456 plokij the Cleaver (level 11, -2/100 HPs)
             Began as a Minotaur Fighter on Oct 21, 2022.
             Was the Champion of Okawaru.
             Slain by a 12-headed hydra (5 damage)
             ... on level 11 of the Dungeon.
             The game lasted 00:31:06 (14162 turns).

plokij the Cleaver (Minotaur Fighter)              Turns: 14162, Time: 00:31:07

Health: -2/100     AC: 19    Str: 26    XL:     11   Next: 49%
Magic:  7/10       EV: 13    Int:  5    God:    Okawaru [******]
Gold:   504        SH: 17    Dex:  9    Spells: 10/10 levels left

rFire   . . .      SeeInvis .   a - +0 war axe
rCold   . . .      Faith    .   z - +0 tower shield
rNeg    . . .      Spirit   .   b - +0 scale mail
rPois   +          Reflect  .   G - +0 hat
rElec   .          Harm     .   A - +0 cloak
rCorr   .          Rampage  .   P - +0 pair of gloves
Will    .....                   r - +0 pair of boots
Stlth   +.........              (no amulet)
HPRegen 0.26/turn               L - +4 ring of protection
MPRegen 0.12/turn               E - ring of poison resistance

@: mighty, heroic, studying Throwing
A: horns 2, retaliatory headbutt
a: Renounce Religion, Heroism, Finesse, Duel


You were on level 11 of the Dungeon.
You worshipped Okawaru.
Okawaru was exalted by your worship.
You visited 2 branches of the dungeon, and saw 12 of its levels.
You also visited: Sewer.

You collected 504 gold pieces.

Inventory:

Hand Weapons
 a - a +0 war axe (weapon)
 y - a +0 battleaxe
 J - a +0 shortbow
Missiles
 g - 13 poisoned darts (quivered)
Armour
 b - a +0 scale mail (worn)
 r - a +0 pair of boots (worn)
 z - a +0 tower shield (worn)
 A - a +0 cloak (worn)
 G - a +0 hat (worn)
 P - a +0 pair of gloves (worn)
 Q - the +1 pair of gloves "Xishonn" {Harm rF+}
   (You found it on level 11 of the Dungeon)

   rF:        It protects you from fire.
   Harm:      It increases damage dealt and taken.
Jewellery
 l - a +6 ring of dexterity
 w - a ring of positive energy
 D - a ring of positive energy
 E - a ring of poison resistance (right hand)
 L - a +4 ring of protection (left hand)
Wands
 F - a wand of flame (48)
 I - a wand of acid (4)
 M - a wand of roots (2)
 O - a wand of mindburst (9)
Scrolls
 h - 13 scrolls of identify {unknown}
 i - 3 scrolls of amnesia {unknown}
 j - 5 scrolls of teleportation {unknown}
 k - 3 scrolls of fear {unknown}
 t - 2 scrolls of magic mapping {unknown}
 u - 2 scrolls of fog {unknown}
 v - a scroll of blinking
 B - 2 scrolls of immolation {unknown}
 C - a scroll of enchant armour {unknown}
 H - a scroll of summoning {unknown}
 K - 2 scrolls of enchant weapon {unknown}
 N - a scroll of vulnerability {unknown}
Potions
 c - 5 potions of attraction {unknown}
 d - a potion of might
 e - a potion of ambrosia {unknown}
 f - 4 potions of brilliance {unknown}
 m - 5 potions of degeneration {unknown}
 n - 2 potions of magic {unknown}
 o - 2 potions of invisibility {unknown}
 p - 2 potions of haste {unknown}
 q - 2 potions of mutation {unknown}
 s - 8 potions of curing {unknown}
 x - 3 potions of heal wounds {unknown}


   Skills:
 + Level 10.2(15.2) Fighting
 + Level 10.4(15.4) Axes
 + Level 10.2(15.2) Armour
 + Level 9.9(14.9) Dodging
 + Level 10.1(15.1) Shields


You had 10 spell levels left.
You didn't know any spells.
Your spell library contained the following spells:

 Spells                   Type           Power      Damage    Failure   Level
 Apportation              Tloc           0%         N/A       98%         1
 Magic Dart               Conj           0%         1d3       98%         1
 Necrotise                Necr           0%         1d4       98%         1
 Searing Ray              Conj           0%         2d4       99%         2
 Sublimation of Blood     Necr           0%         N/A       99%         2
 Wereblood                Tmut           0%         N/A       99%         2
 Ozocubu's Armour         Ice            0%         N/A       100%        3
 Anguish                  Hex/Necr       0%         N/A       100%        4
 Cause Fear               Hex            0%         N/A       100%        4
 Fulminant Prism          Conj/Hex       0%         3d6       100%        4
 Olgreb's Toxic Radiance  Pois           0%         N/A       100%        4
 Dragon Form              Tmut           0%         N/A       100%        7
 Enfeeble                 Hex            0%         N/A       100%        7
 Ozocubu's Refrigeration  Ice            0%         4d7       100%        7
 Ignition                 Fire           0%         3d3       100%        8
 Summon Small Mammal      Summ           Unusable   N/A       N/A         1
 Call Canine Familiar     Summ           Unusable   N/A       N/A         3
 Summon Guardian Golem    Hex/Summ       Unusable   N/A       N/A         3
 Summon Hydra             Summ           Unusable   N/A       N/A         7
 Dragon's Call            Summ           Unusable   N/A       N/A         9

Dungeon Overview and Level Annotations

Branches:
Dungeon (11/15)            Temple (1/1) D:5            Lair (0/5) D:10
  Sewer (visited)
    Orc: D:9-12

Altars:
Ashenzari
Cheibriados
Dithmenos
Elyvilon
Fedhas
Gozag
Hepliaklqana
Kikubaaqudgha
Makhleb
Nemelex Xobeh
Okawaru
Qazlal
Ru
Sif Muna
Trog
Uskayaw
Vehumet
Wu Jian
Xom
Yredelemnul
Zin
The Shining One

Shops:
D:3 [   D:4 **   D:6 (   D:7 *(   D:10 *


Innate Abilities, Weirdness & Mutations

You have a pair of horns on your head.
You reflexively headbutt those who attack you in melee.


Message History

The nine-headed hydra grows two more!
You slice the 11-headed hydra!!
The 11-headed hydra is severely wounded.
You block the 11-headed hydra's attack.
The 11-headed hydra bites you but does no damage. x2
You block the 11-headed hydra's attack. The 11-headed hydra barely misses you.
You block the 11-headed hydra's attack. x2; The 11-headed hydra bites you.
The 11-headed hydra bites you but does no damage.
You block the 11-headed hydra's attack. The 11-headed hydra misses you.
You hit the 11-headed hydra.
The 11-headed hydra is severely wounded.
You block the 11-headed hydra's attack.
The 11-headed hydra bites you but does no damage. x2
The 11-headed hydra barely misses you. x2; The 11-headed hydra bites you!
* * * LOW HITPOINT WARNING * * *
You block the 11-headed hydra's attack. x2
The 11-headed hydra bites you but does no damage.
You block the 11-headed hydra's attack. The 11-headed hydra closely misses you.
You barely miss the 11-headed hydra.
The 11-headed hydra is severely wounded.
You block the 11-headed hydra's attack. The 11-headed hydra misses you.
You block the 11-headed hydra's attack. The 11-headed hydra closely misses you.
You block the 11-headed hydra's attack. The 11-headed hydra closely misses you.
The 11-headed hydra bites you but does no damage.
The 11-headed hydra bites you!
* * * LOW HITPOINT WARNING * * *
The 11-headed hydra bites you but does no damage. x2
You block the 11-headed hydra's attack.
You are too injured to fight recklessly!
You are too injured to fight recklessly!
You hack one of the 11-headed hydra's heads off!
The ten-headed hydra grows two more!
You slice the 12-headed hydra!!
The 12-headed hydra is almost dead.
The 12-headed hydra closely misses you. You furiously retaliate!
You headbutt the 12-headed hydra. You block the 12-headed hydra's attack.
The 12-headed hydra bites you but does no damage.
The 12-headed hydra closely misses you.
You block the 12-headed hydra's attack. x2
The 12-headed hydra bites you.
* * * LOW HITPOINT WARNING * * *
The 12-headed hydra bites you.
You die...

#...........#
#..########.# #..#
#.# #..########.#
#...........#
#..)........######
#.................
#..........#....##
#@.........#....#
#D..............##
#.................
#.................
##################


You could see a 12-headed hydra.

Vanquished Creatures
  2 two-headed ogres (D:10)
  A centaur warrior (D:8)
  Pikel (D:9)
  An ugly thing (D:11)
  A gargoyle (D:9)
  2 trolls
  3 wraiths
  3 wyverns
  17 yaks
  An acid dragon (D:10)
  2 water moccasins (D:10)
  An orc warrior (D:8)
  4 black bears
  3 ice beasts
  2 sky beasts
  An ogre (D:5)
  9 centaurs
  A lemure (D:9)
  3 wolves (D:10)
  6 bullfrogs
  2 scorpions
  2 necrophages
  4 wights
  19 killer bees
  4 howler monkeys
  3 jellies
  A gnoll bouda (D:6)
  6 iguanas
  3 orc wizards
  Robin (D:2)
  13 gnolls
  8 adders
  A river rat (D:3)
  3 shadow imps
  A white imp (D:8)
  3 worms
  A dart slug (D:1)
  10 orcs
  7 ball pythons
  2 bats
  3 endoplasms
  13 giant cockroaches
  10 goblins
  6 hobgoblins
  11 jackals (D:1)
  7 quokkas
  4 frilled lizards
  7 kobolds
  8 rats
227 creatures vanquished.

Vanquished Creatures (others)
  An orc wizard (D:8)
  2 fungi
  17 plants (D:10)
20 creatures vanquished.

Grand Total: 247 creatures vanquished

Notes
Turn   | Place    | Note
-------+----------+-------------------------------------------
     0 | D:1      | plokij the Minotaur Fighter began the quest for the Orb.
     0 | D:1      | Reached XP level 1. HP: 19/19 MP: 0/0
     7 | D:1      | Found a faded altar of an unknown god.
    98 | D:1      | Reached XP level 2. HP: 27/27 MP: 1/1
   254 | D:1      | Reached skill level 1 in Dodging
   593 | D:1      | Reached XP level 3. HP: 33/33 MP: 2/2
  1060 | D:2      | Noticed Robin
  1074 | D:2      | HP: 1/33 [Robin/+0 trident (4)]
  1075 | D:2      | Killed Robin
  1694 | D:2      | Reached XP level 4. HP: 35/40 MP: 3/3
  1837 | D:3      | Found Sufiax's Armour Boutique.
  1999 | D:3      | Found a glowing drain.
  2003 | Sewer    | Entered a sewer
  2253 | Sewer    | Reached XP level 5. HP: 44/46 MP: 4/4
  2960 | D:3      | Reached XP level 6. HP: 53/53 MP: 5/5
  3038 | D:3      | Found a stormy altar of Qazlal.
  3092 | D:3      | Found a shadowy altar of Dithmenos.
  3503 | D:4      | Found Bumithup's Neck Hole.
  3550 | D:4      | Found an opulent altar of Gozag.
  3551 | D:4      | Found Gozag's Platinum Reserve.
  3574 | D:4      | You fall into a shaft and drop 2 floors!
  3625 | D:5      | Entered Level 5 of the Dungeon
  3654 | D:4      | Found a bloodstained altar of Trog.
  3756 | D:4      | Reached skill level 5 in Axes
  3783 | D:4      | Found a shimmering altar of Xom.
  4218 | D:5      | Found a staircase to the Ecumenical Temple.
  4224 | Temple   | Entered the Ecumenical Temple
  4404 | Temple   | Became a worshipper of Warmaster Okawaru
  4576 | D:5      | Reached skill level 5 in Fighting
  4700 | D:5      | Reached skill level 5 in Armour
  4927 | D:5      | Reached XP level 7. HP: 55/61 MP: 6/6
  5033 | D:5      | Reached skill level 5 in Shields
  5880 | D:6      | Reached * piety under Okawaru
  6188 | D:6      | Found Ynockaps's Weapon Boutique.
  6374 | D:6      | Reached skill level 5 in Dodging
  6374 | D:6      | Reached XP level 8. HP: 51/70 MP: 7/7
  7551 | D:7      | Found Funoirch's Weapon Boutique.
  7574 | D:7      | Reached ** piety under Okawaru
  7739 | D:7      | Found Niynen's Elemental Accessories.
  8429 | D:7      | Reached XP level 9. HP: 64/78 MP: 8/8
  8647 | D:8      | Reached *** piety under Okawaru
  8941 | D:8      | Noticed a centaur warrior
  9846 | D:8      | Killed a centaur warrior
  9846 | D:8      | Reached **** piety under Okawaru
 10210 | D:8      | Found a radiant altar of Vehumet.
 10439 | D:9      | Reached XP level 10. HP: 88/88 MP: 9/9
 10641 | D:9      | Noticed Pikel
 10670 | D:9      | Killed Pikel
 10888 | D:9      | Noticed a gargoyle
 10923 | D:9      | Killed a gargoyle
 10923 | D:9      | Reached ***** piety under Okawaru
 11627 | D:10     | Entered Level 10 of the Dungeon
 11810 | D:10     | Noticed a two-headed ogre
 11820 | D:10     | Killed a two-headed ogre
 11990 | D:10     | Reached XP level 11. HP: 83/97 MP: 10/10
 12570 | D:10     | Found a staircase to the Lair.
 12663 | D:10     | Found Ygiag's General Store.
 12695 | D:10     | Noticed a two-headed ogre
 12729 | D:9      | Reached ****** piety under Okawaru
 12976 | D:10     | Killed a two-headed ogre
 12977 | D:10     | Reached skill level 10 in Axes
 13157 | D:10     | Reached skill level 10 in Fighting
 13495 | D:11     | Noticed a green ugly thing
 13506 | D:11     | Killed a green ugly thing
 13507 | D:11     | Reached skill level 10 in Armour
 13537 | D:11     | Identified the +1 pair of gloves "Xishonn" {Harm rF+}
 13682 | D:10     | Reached skill level 10 in Shields
 14019 | D:11     | Noticed a four-headed hydra
 14094 | D:10     | Received a gift from Okawaru
 14162 | D:11     | HP: 3/100 [12-headed hydra (6)]
 14162 | D:11     | Slain by a 12-headed hydra

Illustrated notes

Levels and vault maps discovered:
D:1:      dpeg_arrival_pits, layout_loops_cross,
          dreamdust_ecumenical_altar_statues, nicolae_hexahallways,
          hangedman_abyss_or_decor_stabs, grunt_decor_junction
D:2:      layout_rooms, uniq_robin
D:3:      layout_loops_cross, mainiacjoe_overflow_big_doors,
          gup_sewer_entry_bowl, serial_shops, shop
D:4:      layout_basic, nicolae_gozag_zags_fifth_avenue,
          trog_three_pillars_becter, kennysheep_mini_moat, grunt_decor_fettered,
          minivault_24, nicolae_shop_sticking_my_neck_out
D:5:      layout_loops_corners, minmay_temple_entry_enclosed_plants,
          kennysheep_generic_room_12
D:6:      layout_basic, serial_shops, nicolae_shop_bloodbath_and_beyond
D:7:      layout_basic, serial_shops,
          nicolae_shop_temple_entry_statues_fountains, nicolae_elemental_shop,
          kennysheep_generic_room_16
D:8:      layout_loops_cross, vehumet_altar_wand_db, minmay_manual_mess
D:9:      layout_roguey, uniq_pikel
D:10:     layout_basic, minmay_lair_entry_grove, serial_shops, shop_fountains
D:11:     layout_stronghold, david_orc_1_choice, kennysheep_small_spiral
Temple:   nicolae_temple_bog_church

Skill      XL: |  1  2  3  4  5  6  7  8  9 10 11 |
---------------+----------------------------------+-----
Axes           | 3 4 5 6 7 8 9 10 | 10.4
Dodging        | 1 2 3 5 6 8 9 |  9.9
Shields        | 4 5 6 8 9 10 | 10.1
Armour         | 4 5 6 8 9 10 | 10.2
Fighting       | 4 5 6 8 9 10 | 10.2

Action                   |  1- 3 |  4- 6 |  7- 9 | 10-12 || total
-------------------------+-------+-------+-------+-------++-------
Melee: War axe           |    79 |   117 |   255 |   344 ||   795
       Headbutt          |    13 |    18 |    68 |    74 ||   173
Invok: Heroism           |       |       |       |     4 ||     4
  Use: Potion            |       |       |       |     1 ||     1
Armor: Scale mail        |    43 |    39 |   117 |   186 ||   385
Dodge: Dodged            |    47 |    51 |    90 |   173 ||   361
Block: Buckler           |    22 |    27 |       |       ||    49
       Tower shield      |       |    24 |   248 |   392 ||   664
